 Dungeon Crawl Stone Soup version 0.26-a0-259-g1effd001a9 (webtiles) character file.

Game seed: 14008024561495495377

24 gruber the Digger (level 3, -3/21 HPs)
             Began as an Octopode Earth Elementalist on July 27, 2020.
             Was an Initiate of Vehumet.
             Engulfed by a cloud of flame (24 damage)
             ... on level 2 of the Dungeon.
             The game lasted 00:01:35 (1210 turns).

gruber the Digger (Octopode Earth Elementalist)     Turns: 1210, Time: 00:01:36

Health: -3/21      AC:  1    Str:  7    XL:     3   Next: 2%
Magic:  6/6        EV: 13    Int: 18    God:    Vehumet [......]
Gold:   51         SH:  0    Dex: 12    Spells: 5/6 levels left

rFire    . . .     SeeInvis .   e - +1 mace (protect)
rCold    . . .     Faith    .   (no shield)
rNeg     . . .     Spirit   .   (helmet restricted)
rPois    .         Reflect  .   (no amulet)
rElec    .         Harm     .   (no ring)
rCorr    .                      (no ring)
MR       .....                  (no ring)
Stlth    +++.......             (no ring)
HPRegen  0.07/turn              (no ring)
MPRegen  0.10/turn              (no ring)
                                (no ring)
                                (no ring)

@: no status effects
A: almost no armour, stealthy swim, amphibious, 8 rings, constrict 8, camouflage
1, gelatinous body 1
a: Renounce Religion


You were on level 2 of the Dungeon.
You worshipped Vehumet.
Vehumet was noncommittal.
You were not hungry.

You visited 1 branch of the dungeon, and saw 2 of its levels.

You collected 51 gold pieces.

Inventory:

Hand Weapons
 e - a +1 mace of protection (weapon)
Missiles
 b - 61 stones (quivered)
Scrolls
 a - 2 scrolls of identify {unknown}
 f - 2 scrolls of remove curse {unknown}
 i - 3 scrolls of teleportation {unknown}
 j - a scroll of fog {unknown}
Potions
 d - a potion of lignification {unknown}
 g - a potion of degeneration {unknown}
 h - a potion of curing {unknown}
 k - a potion of ambrosia {unknown}
Comestibles
 c - 7 rations


   Skills:
 - Level 2.0 Dodging
 - Level 2.6 Stealth
 - Level 2.0 Spellcasting
   Level 1.0 Transmutations
 + Level 4.1 Earth Magic


You had 5 spell levels left.
You knew the following spells:

 Your Spells              Type           Power        Failure   Level
a - Sandblast             Erth           ###...       3%          1

Your spell library contained the following spells:

 Spells                   Type           Power        Failure   Level
 Passwall                 Tmut/Erth      ##......     10%         2
 Stone Arrow              Conj/Erth      #.....       24%         3
 Petrify                  Tmut/Erth      ##......     54%         4
 Lee's Rapid Deconstruct  Erth           ###.......   67%         5


Dungeon Overview and Level Annotations

Branches:
Dungeon (2/15)

Altars:
Vehumet


Innate Abilities, Weirdness & Mutations

You cannot wear most types of armour.
You are very stealthy in the water. (Stealth+)
You are amphibious.
You can wear up to eight rings at the same time.
You can use your tentacles to constrict eight enemies at once.
Your skin changes colour to match your surroundings (Stealth+).
Your rubbery body absorbs attacks. (AC +1, EV +1)


Message History

k - an amethyst potion No target in view!
No target in view!
No target in view!
Found a radiant altar of Vehumet.
You're in a travel-excluded area, stopping explore.
You're in a travel-excluded area, stopping explore.
You're in a travel-excluded area, stopping explore.
You're in a travel-excluded area, stopping explore.
No target in view!
You're in a travel-excluded area, stopping explore.
You're in a travel-excluded area, stopping explore.
c - 7 rations (gained 2) Really walk into a travel-excluded area?
There is a radiant altar of Vehumet here.
You curl up in front of the altar of Vehumet.
Vehumet welcomes you!
You are engulfed in blazing flames.
Ouch! That really hurt!
You die...

.....+........#######
...###........#.....#
....................#
......##...##.......#
........... #.......#
...######+ #.......#####
..... ... #.....☼........
#..#+#... #..§.§.........
#........ #...@..........
...............☼.☼.#.......
............#.☼.☼..#.......
............#.###..+.......
.......... #. #..#.......
.#....#.. # ...# ...
.##...... #.# .# #####. .#
.#


There were no monsters in sight!

Vanquished Creatures
  A worm (D:2)
  A leopard gecko (D:1)
  A goblin (D:1)
  A hobgoblin (D:1)
  7 bats
  4 frilled lizards (D:1)
  4 kobolds (D:1)
  4 rats (D:1)
23 creatures vanquished.

Notes
Turn   | Place    | Note
-------+----------+-------------------------------------------
     0 | D:1      | gruber the Octopode Earth Elementalist began the quest for
                  | the Orb.
     0 | D:1      | Reached XP level 1. HP: 11/11 MP: 3/3
   432 | D:1      | Reached XP level 2. HP: 17/17 MP: 5/5
   858 | D:1      | Reached skill level 4 in Earth Magic
  1069 | D:2      | Reached XP level 3. HP: 14/21 MP: 6/6
  1198 | D:2      | Found a radiant altar of Vehumet.
  1210 | D:2      | Became a worshipper of Vehumet
  1210 | D:2      | Engulfed by a cloud of flame

Illustrated notes

Levels and vault maps discovered:
D:1:      onia_arrival_mini_maze, layout_loops_cross
D:2:      layout_basic, fiery_altar_vehumet

Skill      XL: |  1  2 |
---------------+-------+-----
Earth Magic    | 4 |  4.1
Dodging        | |  2.0
Stealth        | |  2.6
Spellcasting   | |  2.0
Transmutations | |  1.0

Action                   || total
-------------------------++-------
Melee: Whip              ||     6
       Unarmed           ||     6
       Constrict         ||    10
       Mace              ||    26
       Tentacles         ||     3
 Stab: Sleeping          ||    10
  Eat: Ration            ||     1
Armor: Skin              ||     5
Dodge: Dodged            ||    21

Table legend:
 A = Non-vault XP
 B = Vault XP
 C = Vault XP percentage of total XP
 D = Non-vault monster count
 E = Vault monster count
 F = Vault count percentage of total count
                 A         B        C        D         E       F
            +---------+---------+-------+---------+---------+-------
      Total |      33 |       2 |   5.7 |      21 |       2 |   8.7
            +---------+---------+-------+---------+---------+-------
        D:1 |      27 |       2 |   6.9 |      19 |       2 |   9.5
        D:2 |       6 |       0 |   0.0 |       2 |       0 |   0.0
            +---------+---------+-------+---------+---------+-------
